 Dungeon Crawl Stone Soup version 0.31-a0-188-g5e087ee2ca (webtiles) character file.

Game seed: 11173530380290921839

103 qw the Shooter (level 4, 0/25 HPs)
             Began as a Deep Elf Hunter on June 23, 2023.
             Slain by an orc wizard
             ... wielding a +0 dagger
              (1 damage)
             ... on level 3 of the Dungeon.
             The game lasted 00:00:32 (1926 turns).

qw the Shooter (Deep Elf Hunter)                    Turns: 1926, Time: 00:00:32

Health: 0/25       AC:  4    Str: 10    XL:     4   Next: 51%
Magic:  6/6        EV: 12    Int: 14    God:
Gold:   119        SH:  0    Dex: 18    Spells: 3/3 levels left

rFire   . . .        Y - +1 shortbow
rCold   . . .        (shield currently unavailable)
rNeg    . . .        m - +0 leather armour {rPois}
rPois   +            k - +0 helmet
rElec   .            (no cloak)
rCorr   .            (no gloves)
SInv    .            (no boots)
Will    .....        g - amulet of faith
Stlth   ++           (no ring)
HPRegen 0.24/turn    (no ring)
MPRegen 0.10/turn

%: faith
@: no status effects
A: no striking features
a: no special abilities


You were on level 3 of the Dungeon.
You visited 1 branch of the dungeon, and saw 3 of its levels.

You collected 119 gold pieces.


   Skills:
 - Level 1.5 Fighting
 + Level 7.9 Ranged Weapons
 - Level 2.4 Dodging
 - Level 1.2 Stealth


You had 3 spell levels left.
You didn't know any spells.
Your spell library was empty.

Inventory:

Hand Weapons
 Y - a +1 shortbow (weapon)
Armour
 c - a +0 ring mail
 k - a +0 helmet (worn)
 m - a +0 leather armour of poison resistance (worn)
Jewellery
 g - an amulet of faith (around neck)
Scrolls
 e - a scroll of identify {unknown}
 f - a scroll of revelation {unknown}
Potions
 a - a potion of haste {unknown}
 b - a potion of lignification {unknown}
 d - a potion of curing {unknown}
 h - a potion of attraction {unknown}

Dungeon Overview and Level Annotations

Branches:
Dungeon (3/15)

Altars:


Message History

The orc hits you but does no damage.
You shoot an arrow.
The arrow hits the orc wizard but does no damage.
The orc wizard is almost dead.
The orc closely misses you.
The orc wizard gestures at you while chanting.
The puff of flame misses you.
You shoot an arrow.
The arrow completely misses the orc wizard.
The orc hits you but does no damage.
You shoot an arrow.
The arrow hits the orc wizard but does no damage.
The orc wizard is almost dead.
The orc barely misses you. The orc wizard casts a spell at you.
The magic dart hits you.
You shoot an arrow. The arrow barely misses the orc wizard.
Something hits you.
The orc wizard hits you with a +0 dagger.
The orc barely misses you.
You shoot an arrow. The arrow barely misses the orc wizard.
The orc closely misses you. Something barely misses you.
The orc wizard casts a spell.
The orc wizard flickers and vanishes!
You shoot an arrow. The arrow hits the orc!
You kill the orc!
Something hits you but does no damage. x2
You shoot an arrow. Something hits you. Something hits you but does no damage.
You shoot an arrow.
You hear some strange, mumbled words.
A puff of flame appears from out of thin air!
The puff of flame hits you! Something hits you.
You shoot an arrow.
Reactivating autopickup.
You feel a bit more experienced. Something hits you.
Deactivating autopickup; reactivate with Ctrl-A.
Something hits you.
You die...

## #.# #........ .#
#.#######........
.###.......#........ #...
.'...#####.#.....).. #... .###.#
#.#.....# #... .# #.# #......)#
#... .# #.#######.....# #... ##
#.##........{)# #...
#.##........)@# #...
#.##..........# #...
#.##.....###.## ##.. #.##.....#
#.# #.. #.##.....# #.# #####..
####.######## #.###########......
.....###...## #................##
....###.....###..................
....##.......##.###########.###..


There were no monsters in sight!

Vanquished Creatures
  A vampire bat (D:3)
  An orc wizard (D:3)
  An adder (D:3)
  2 dart slugs
  3 orcs (D:3)
  5 endoplasms
  A giant cockroach (D:3)
  5 goblins
  2 hobgoblins
  3 quokkas
  4 ball pythons
  11 bats
  3 frilled lizards
  A kobold (D:1)
  A rat (D:1)
44 creatures vanquished.

Notes
Turn   | Place    | Note
-------+----------+-------------------------------------------
     0 | D:1      | qw the Deep Elf Hunter began the quest for the Orb.
     0 | D:1      | Reached XP level 1. HP: 12/12 MP: 3/3
     0 | D:1      | 0 ||| qw: Version: 0.3-a-9-g12657ce
     0 | D:1      | 0 ||| qw: Game counter: 3487
     0 | D:1      | 0 ||| qw: Always use a shield: true
     0 | D:1      | 0 ||| qw: God list: Okawaru
     0 | D:1      | 0 ||| qw: Allow faded altars: false
     0 | D:1      | 0 ||| qw: Do Orc after D:15 true
     0 | D:1      | 0 ||| qw: Do second Lair branch before Depths: true
     0 | D:1      | 0 ||| qw: Lair rune preference: random
     0 | D:1      | 0 ||| qw: Plans: Normal
     0 | D:1      | 0 ||| PLANNING D:1-11
   134 | D:1      | Reached skill level 6 in Ranged Weapons
   134 | D:1      | Reached XP level 2. HP: 16/16 MP: 4/4
   598 | D:1      | 598 ||| UPGRADING to +0 helmet.
   603 | D:1      | 603 ||| UPGRADING to +0 leather armour of poison
                  | resistance.
   613 | D:1      | 613 ||| DROPPING +0 leather armour.
   614 | D:1      | 614 ||| UPGRADING to amulet of faith.
   619 | D:1      | 619 ||| READING scroll labelled NIEXKI ILLODE.
   620 | D:1      | 620 ||| READING scroll labelled ZUCHONAOPP.
   623 | D:1      | 623 ||| READING scroll labelled SULINOU MEUZE.
   624 | D:1      | 624 ||| READING scroll labelled ATZUSH YTZOL.
   625 | D:1      | 625 ||| READING scroll labelled PETTIP NOUMMU.
   626 | D:1      | 626 ||| DROPPING scroll of butterflies.
  1390 | D:2      | 1390 ||| READING scroll labelled FOKUYS KEDASH.
  1449 | D:3      | Reached XP level 3. HP: 20/20 MP: 5/5
  1697 | D:3      | Reached skill level 7 in Ranged Weapons
  1851 | D:3      | Reached XP level 4. HP: 22/25 MP: 6/6
  1925 | D:3      | HP: 5/25 [something/puff of flame (10)]
  1926 | D:3      | HP: 1/25 [something (2)]
  1926 | D:3      | Slain by an orc wizard

Levels and vault maps discovered:
D:1:      dpeg_arrival_tiny_i, layout_basic
D:2:      layout_loops_corners
D:3:      layout_basic, grunt_temple_overflow_diamond, roderic_batcave

Skill      XL: |  1  2  3 |
---------------+----------+-----
Ranged Weapons | 6 7 |  7.9
Fighting       | |  1.5
Dodging        | |  2.4
Stealth        | |  1.2

Action                     |  1- 3 |  4- 6 || total
---------------------------+-------+-------++-------
   Fire: Shortbow          |    88 |    28 ||   116
    Use: Scroll            |     6 |       ||     6
 Armour: Leather armour    |    21 |    16 ||    37
  Dodge: Dodged            |    30 |    27 ||    57

Table legend:
 A = Non-vault XP
 B = Vault XP
 C = Vault XP percentage of total XP
 D = Non-vault monster count
 E = Vault monster count
 F = Vault count percentage of total count
                 A         B        C        D         E       F
            +---------+---------+-------+---------+---------+-------
      Total |     111 |      72 |  39.3 |      35 |       9 |  20.5
            +---------+---------+-------+---------+---------+-------
        D:1 |      29 |       0 |   0.0 |      17 |       0 |   0.0
        D:2 |       9 |       0 |   0.0 |       5 |       0 |   0.0
        D:3 |      73 |      72 |  49.7 |      13 |       9 |  40.9
            +---------+---------+-------+---------+---------+-------
